 Dungeon Crawl Stone Soup version 0.22-b1-59-g0aedee7 (webtiles) character file.

387 Doobh the Chucker (level 7, -4/41 HPs)
             Began as a Kobold Hunter on Aug 9, 2018.
             Shot with an arrow by a centaur (7 damage)
             ... on level 5 of the Dungeon on Aug 10, 2018.
             The game lasted 00:14:18 (4274 turns).

Doobh the Chucker (Kobold Hunter)                   Turns: 4274, Time: 00:14:19

Health: -4/41      AC:  3    Str: 10    XL:     7   Next: 7%
Magic:  7/7        EV: 16    Int: 12    God:
Gold:   156        SH:  0    Dex: 17    Spells: 6/6 levels left

rFire    . . .     SeeInvis .   c - +2 rapier (protect)
rCold    . . .     Gourm    .   (shield restricted)
rNeg     . . .     Faith    .   b - +0 leather armour
rPois    .         Spirit   .   (no helmet)
rElec    .         Reflect  .   (no cloak)
rCorr    .         Harm     .   (no gloves)
MR       .....                  (no boots)
Stlth    +++.......             (no amulet)
HPRegen  0.13/turn              (no ring)
MPRegen  0.10/turn              (no ring)

@: no status effects
A: small, carnivore
a: no special abilities


You were on level 5 of the Dungeon.
You were very full.

You visited 1 branch of the dungeon, and saw 5 of its levels.

You collected 156 gold pieces.

Inventory:

Hand Weapons
 a - a +0 short sword
 c - a +2 rapier of protection (weapon)
Missiles
 h - 3 curare-tipped needles
 j - 96 stones (quivered)
Armour
 b - a +0 leather armour (worn)
Jewellery
 i - an uncursed ring of see invisible {unknown}
 l - a cursed +4 ring of dexterity {unknown}
Wands
 r - a wand of iceblast (5)
Scrolls
 d - 2 scrolls of remove curse
 e - 3 scrolls of enchant weapon {unknown}
 k - 4 scrolls of identify {unknown}
 m - 3 scrolls of magic mapping {unknown}
 o - a scroll of enchant armour {unknown}
 q - 2 scrolls of teleportation {unknown}
Potions
 n - a potion of brilliance {unknown}
Comestibles
 f - 3 rations


   Skills:
 + Level 3.6 Fighting
 + Level 3.2 Short Blades
 * Level 6.1 Throwing
 + Level 4.0 Dodging
 + Level 4.1 Stealth


You had 6 spell levels left.
You didn't know any spells.
Your spell library was empty.

Dungeon Overview and Level Annotations

Branches:
Dungeon (5/15)
 Temple: D:4-7

Altars:


Innate Abilities, Weirdness & Mutations

You are small and have problems with some larger weapons.
You are carnivorous and can eat meat at any time.


Message History

Your weapon exudes an aura of protection.
The centaur is lightly wounded.
The centaur barely misses you. The centaur hits you.
You completely miss the centaur.
The centaur is lightly wounded.
The centaur completely misses you. The centaur misses you.
The centaur closely misses you.
Your leather armour prevents you from hitting the centaur.
The centaur is lightly wounded.
The centaur barely misses you. The centaur closely misses you.
The centaur wields an uncursed shortbow of freezing.
It is covered in frost.
The centaur shoots an arrow.
The arrow hits you!
* * * LOW HITPOINT WARNING * * *
The arrow freezes you.
* * * LOW HITPOINT WARNING * * *
You see here an arrow.
As you read the scroll labeled DUECSE PIPI, it crumbles to dust.
You feel blessed for a moment.
It was a scroll of remove curse.
The centaur shoots an arrow.
The arrow hits you!
You die...

#####.#...##...#####...#
#.#######.## ###.# #.#
#O# .# #.# #.# .# #.#
#.# .# ###O# #c..# #.###
#@# #.# #.# #.# #.# #.#
#.# #.#


You could see an ogre and a centaur.

Vanquished Creatures
  A centaur (D:5)
  A crimson imp (D:5)
  2 orc priests (D:4)
  An orc wizard (D:3)
  A worker ant (D:3)
  8 adders
  2 oozes
  2 worms
  3 leopard geckos
  12 orcs
  A ball python (D:2)
  2 giant cockroaches (D:3)
  4 goblins (D:2)
  3 hobgoblins
  4 jackals
  2 quokkas
  2 bats
  6 frilled lizards
  7 kobolds
  4 rats
68 creatures vanquished.

Notes
Turn   | Place    | Note
-------+----------+-------------------------------------------
     0 | D:1      | Doobh the Kobold Hunter began the quest for the Orb.
     0 | D:1      | Reached XP level 1. HP: 12/12 MP: 1/1
    96 | D:1      | Reached XP level 2. HP: 12/17 MP: 2/2
   773 | D:2      | Reached XP level 3. HP: 16/22 MP: 3/3
   792 | D:2      | Reached skill level 1 in Short Blades
  1425 | D:2      | Reached XP level 4. HP: 10/27 MP: 4/4
  1686 | D:2      | Reached skill level 5 in Throwing
  2353 | D:3      | Reached XP level 5. HP: 32/32 MP: 5/5
  2781 | D:4      | Noticed an ogre
  3173 | D:4      | Reached XP level 6. HP: 29/37 MP: 6/6
  3280 | D:4      | Noticed an ogre
  3464 | D:4      | Noticed an ogre
  4050 | D:5      | Entered Level 5 of the Dungeon
  4060 | D:5      | Reached skill level 6 in Throwing
  4103 | D:5      | Noticed an ogre
  4134 | D:5      | Reached XP level 7. HP: 29/41 MP: 7/7
  4274 | D:5      | Shot with an arrow by a centaur

Skill      XL: |  1  2  3  4  5  6 |
---------------+-------------------+-----
Stealth        | 2 3 4 |  4.1
Short Blades   | 1 2 3 |  3.2
Throwing       | 5 6 |  6.1
Dodging        | 3 4 |  4.0
Fighting       | 3 |  3.6

Action                   |  1- 3 |  4- 6 |  7- 9 || total
-------------------------+-------+-------+-------++-------
Melee: Short sword       |    72 |   117 |       ||   189
       Rapier            |       |     4 |     3 ||     7
Throw: Tomahawk          |    26 |    42 |       ||    68
       Stone             |       |    23 |       ||    23
       Throwing net      |       |     2 |       ||     2
Evoke: Wand              |       |     3 |       ||     3
  Use: Potion            |       |     2 |       ||     2
       Scroll            |       |       |     1 ||     1
 Stab: Sleeping          |     3 |     3 |       ||     6
  Eat: Chunk             |     9 |     8 |       ||    17
Armor: Leather armour    |    10 |    16 |       ||    26
Dodge: Dodged            |    53 |    92 |     6 ||   151
